 Dungeon Crawl Stone Soup version 0.27.1-34-g3ba077fa99 (webtiles) character file.

Game seed: 2995571124440632579

875 Fractals the Ducker (level 8, -18/63 HPs)
             Began as a Gnoll Gladiator on Jan 2, 2022.
             Demolished by a two-headed ogre (24 damage)
             ... on level 5 of the Dungeon.
             The game lasted 00:13:26 (5827 turns).

Fractals the Ducker (Gnoll Gladiator)               Turns: 5827, Time: 00:13:26

Health: -18/63     AC: 11    Str: 16    XL:     8   Next: 4%
Magic:  12/12      EV: 13    Int:  7    God:
Gold:   188        SH:  0    Dex: 14    Spells: 12/12 levels left

rFire    . . .     SeeInvis .   a - +0 long sword
rCold    . . .     Faith    .   (no shield)
rNeg     . . .     Spirit   .   c - +0 chain mail
rPois    .         Reflect  .   g - +2 hat
rElec    .         Harm     .   (no cloak)
rCorr    .         Rampage  .   (no gloves)
Will     .....                  (no boots)
Stlth    ..........             (no amulet)
HPRegen  0.20/turn              s - +4 ring of evasion
MPRegen  0.13/turn              (no ring)

@: no status effects
A: fangs 1, strong nose, distributed training
a: no special abilities


You were on level 5 of the Dungeon.
You visited 1 branch of the dungeon, and saw 5 of its levels.
You also visited: Sewer.

You collected 188 gold pieces.

Inventory:

Hand Weapons
 a - a +0 long sword (weapon)
 k - a +0 hand axe
Missiles
 d - 4 throwing nets
 f - 124 stones
 h - 34 poisoned darts (quivered)
Armour
 c - a +0 chain mail (worn)
 g - a +2 hat (worn)
Jewellery
 s - a +4 ring of evasion (left hand)
Scrolls
 l - a scroll of magic mapping
 n - a scroll of teleportation {unknown}
 p - a scroll of fog {unknown}
 q - a scroll of blinking {unknown}
 t - a scroll of brand weapon {unknown}
 u - a scroll of amnesia {unknown}
 w - a scroll of immolation {unknown}
Potions
 b - a potion of haste {unknown}
 e - 2 potions of heal wounds
 j - a potion of might {unknown}
 m - a potion of brilliance {unknown}
 o - 2 potions of degeneration {unknown}
 r - 4 potions of flight
 v - a potion of magic {unknown}


   Skills:
 + Level 5.4 Fighting
 + Level 2.9 Short Blades
 + Level 7.2 Long Blades
 + Level 2.9 Axes
 + Level 2.9 Maces & Flails
 + Level 2.9 Polearms
 + Level 2.9 Staves
 + Level 2.9 Slings
 + Level 2.9 Bows
 + Level 2.9 Crossbows
 + Level 5.4 Throwing
 + Level 2.9 Armour
 + Level 7.2 Dodging
 + Level 2.9 Stealth
 + Level 2.9 Shields
 + Level 2.9 Unarmed Combat
 + Level 2.9 Spellcasting
 + Level 2.3 Conjurations
 + Level 2.3 Hexes
 + Level 2.3 Summonings
 + Level 2.3 Necromancy
 + Level 2.3 Translocations
 + Level 2.3 Transmutations
 + Level 2.3 Fire Magic
 + Level 2.3 Ice Magic
 + Level 2.3 Air Magic
 + Level 2.3 Earth Magic
 + Level 2.3 Poison Magic
 + Level 3.2 Invocations
 + Level 2.9 Evocations


You had 12 spell levels left.
You didn't know any spells.
Your spell library contained the following spells:

 Spells                   Type           Power      Damage    Failure   Level
 Magic Dart               Conj           16%        1d3       93%         1
 Call Imp                 Summ           4%         N/A       98%         2
 Ensorcelled Hibernation  Hex/Ice        8%         N/A       98%         2
 Mephitic Cloud           Conj/Pois/Air  4%         N/A       100%        3
 Spider Form              Tmut/Pois      2%         N/A       100%        3
 Hailstorm                Conj/Ice       4%         3d4       100%        4
 Ice Form                 Ice/Tmut       4%         N/A       100%        4
 Shadow Creatures         Summ           N/A        N/A       100%        6
 Simulacrum               Ice/Necr       2%         N/A       100%        6


Dungeon Overview and Level Annotations

Branches:
Dungeon (5/15)              Sewer (visited)
 Temple: D:4-7

Altars:
Vehumet

Annotations:
D:3 1 runed translucent door, Squirrel's ghost, amateur HOFi


Innate Abilities, Weirdness & Mutations

You have very sharp teeth.
Your uncanny sense of smell can sniff out nearby items.
Your experience applies equally to all skills.


Message History

You hit the iguana but do no damage.
The iguana is moderately wounded.
The iguana bites you.
You slash the iguana! Your bite misses the iguana.
The iguana is almost dead.
The iguana bites you. The iguana misses you.
You closely miss the iguana.
The iguana is almost dead.
The iguana bites you!
You slash the iguana!
You kill the iguana!
No target in view!
No target in view!
You start resting.
HP restored.
Things that are here:
an iguana corpse; an iguana corpse
h - 34 poisoned darts (gained 1)
There is a stone staircase leading down here.
w - a scroll labelled AVUSOF SYTOYXT A two-headed ogre comes into view.
It is wielding two +0 giant clubs.
The two-headed ogre hits you with a +0 giant club!!
The two-headed ogre barely misses you.
The two-headed ogre hits you with a +0 giant club! x2
A centaur zombie comes into view.
As you read the scroll labelled MAUKAISEKK, it crumbles to dust.
You assume a fearsome visage.
The two-headed ogre resists with some effort.
The centaur zombie is unaffected.
It was a scroll of fear.
The two-headed ogre closely misses you.
You riposte.
You barely miss the two-headed ogre.
The two-headed ogre hits you with a +0 giant club!
* * * LOW HITPOINT WARNING * * *
There is a stone staircase leading down here.
Things that are here:
an iguana corpse; an iguana corpse The two-headed ogre hits you with a +0 giant club!!
* * * LOW HITPOINT WARNING * * *
The two-headed ogre hits you with a +0 giant club!!
You die...

**,**
*,***,#..#### **,
*,,*
**,**,,*#....###..
****
*,,,,,,**#..<.....
#
*>,,,,,*##.#..###.
#######
*,,,,,,*#..#### *,
...†..#
***######.## *,
#####.#
####......# **
#.#### #....######
* #....####
##@####
####....###.O#
####..##Z##
##....# ######


You could see a two-headed ogre and a centaur zombie.

Vanquished Creatures
  Purgy (D:4)
  A black bear (D:4)
  A necrophage (D:4)
  A bullfrog (D:4)
  A kobold brigand (Sewer)
  2 scorpions (D:4)
  A bullfrog zombie (D:5)
  An orc priest (D:3)
  A hound (D:4)
  Jessica (D:2)
  3 iguanas
  2 river rats (Sewer)
  2 adders (D:2)
  4 gnolls (D:2)
  3 worms
  3 orcs (D:3)
  3 endoplasms
  8 giant cockroaches
  6 goblins
  5 hobgoblins
  A jackal (Sewer)
  2 quokkas
  11 ball pythons
  6 bats
  6 frilled lizards
  9 kobolds
  7 rats
92 creatures vanquished.

Vanquished Creatures (others)
  2 plants (D:1)
2 creatures vanquished.

Grand Total: 94 creatures vanquished

Notes
Turn   | Place    | Note
-------+----------+-------------------------------------------
     0 | D:1      | Fractals the Gnoll Gladiator began the quest for the Orb.
     0 | D:1      | Reached XP level 1. HP: 20/20 MP: 1/1
   267 | D:1      | Reached XP level 2. HP: 26/26 MP: 2/2
  1141 | D:2      | Reached XP level 3. HP: 31/31 MP: 3/3
  1367 | D:2      | Reached skill level 1 in Invocations
  1635 | D:2      | Reached skill level 1 in Short Blades
  1635 | D:2      | Reached skill level 1 in Axes
  1635 | D:2      | Reached skill level 1 in Maces & Flails
  1635 | D:2      | Reached skill level 1 in Polearms
  1635 | D:2      | Reached skill level 1 in Staves
  1635 | D:2      | Reached skill level 1 in Slings
  1635 | D:2      | Reached skill level 1 in Bows
  1635 | D:2      | Reached skill level 1 in Crossbows
  1635 | D:2      | Reached skill level 1 in Armour
  1635 | D:2      | Reached skill level 1 in Stealth
  1635 | D:2      | Reached skill level 1 in Shields
  1635 | D:2      | Reached skill level 1 in Unarmed Combat
  1635 | D:2      | Reached skill level 1 in Spellcasting
  1635 | D:2      | Reached skill level 1 in Evocations
  1893 | D:2      | Noticed Jessica
  1921 | D:2      | Killed Jessica
  1922 | D:2      | Reached XP level 4. HP: 31/38 MP: 5/5
  2421 | D:2      | Reached skill level 1 in Conjurations
  2421 | D:2      | Reached skill level 1 in Hexes
  2421 | D:2      | Reached skill level 1 in Summonings
  2421 | D:2      | Reached skill level 1 in Necromancy
  2421 | D:2      | Reached skill level 1 in Translocations
  2421 | D:2      | Reached skill level 1 in Transmutations
  2421 | D:2      | Reached skill level 1 in Fire Magic
  2421 | D:2      | Reached skill level 1 in Ice Magic
  2421 | D:2      | Reached skill level 1 in Air Magic
  2421 | D:2      | Reached skill level 1 in Earth Magic
  2421 | D:2      | Reached skill level 1 in Poison Magic
  2663 | D:2      | Reached XP level 5. HP: 18/43 MP: 6/6
  3486 | D:3      | Found a runed translucent door.
  3573 | D:3      | Found a glowing drain.
  3600 | Sewer    | Entered a sewer
  3610 | Sewer    | Reached XP level 6. HP: 41/50 MP: 8/8
  3844 | Sewer    | Reached skill level 5 in Fighting
  3844 | Sewer    | Reached skill level 5 in Throwing
  4131 | Sewer    | Found a white marble altar of Elyvilon.
  4298 | D:3      | Found a radiant altar of Vehumet.
  4329 | D:3      | Noticed Squirrel's ghost (amateur HOFi)
  4509 | D:4      | Noticed a black bear
  4520 | D:4      | Killed a black bear
  4643 | D:4      | Reached XP level 7. HP: 56/56 MP: 10/10
  4776 | D:4      | Noticed Purgy
  4795 | D:4      | Killed Purgy
  5358 | D:5      | Entered Level 5 of the Dungeon
  5615 | D:5      | Reached XP level 8. HP: 63/63 MP: 12/12
  5783 | D:5      | Noticed a two-headed ogre
  5827 | D:5      | Demolished by a two-headed ogre

Illustrated notes

Levels and vault maps discovered:
D:1:      beargit_arrival_greenhouse, layout_basic, interstate_on_off,
          chequers_big_river
D:2:      layout_loops_corners, uniq_jessica
D:3:      layout_rooms, mainiacjoe_overflow_alcove_1, gup_sewer_entry_pipe,
          ebering_ghost_reflecting_pool
D:4:      layout_gridville, chequers_garden, grunt_decor_one_mirror,
          amethyst_killhole, uniq_purgy
D:5:      layout_rooms, mainiacjoe_overflow_chevrons, serial_shops, shop_scrolls

Skill      XL: |  1  2  3  4  5  6  7 |
---------------+----------------------+-----
Invocations    | 1 2 3 |  3.2
Short Blades   | 1 2 |  2.9
Axes           | 1 2 |  2.9
Maces & Flails | 1 2 |  2.9
Polearms       | 1 2 |  2.9
Staves         | 1 2 |  2.9
Slings         | 1 2 |  2.9
Bows           | 1 2 |  2.9
Crossbows      | 1 2 |  2.9
Armour         | 1 2 |  2.9
Stealth        | 1 2 |  2.9
Shields        | 1 2 |  2.9
Unarmed Combat | 1 2 |  2.9
Spellcasting   | 1 2 |  2.9
Evocations     | 1 2 |  2.9
Conjurations   | 1 2 |  2.3
Hexes          | 1 2 |  2.3
Summonings     | 1 2 |  2.3
Necromancy     | 1 2 |  2.3
Translocations | 1 2 |  2.3
Transmutations | 1 2 |  2.3
Fire Magic     | 1 2 |  2.3
Ice Magic      | 1 2 |  2.3
Air Magic      | 1 2 |  2.3
Earth Magic    | 1 2 |  2.3
Poison Magic   | 1 2 |  2.3
Fighting       | 5 |  5.4
Throwing       | 5 |  5.4
Long Blades    | 7 |  7.2
Dodging        | 7 |  7.2

Action                   |  1- 3 |  4- 6 |  7- 9 || total
-------------------------+-------+-------+-------++-------
Melee: Long sword        |   100 |   168 |    58 ||   326
       Bite              |     9 |    13 |     9 ||    31
       Punch             |       |       |     1 ||     1
Throw: Stone             |     3 |       |       ||     3
       Dart              |    12 |    32 |     1 ||    45
       Throwing net      |       |     2 |       ||     2
  Use: Potion            |       |     1 |     2 ||     3
       Scroll            |       |       |     2 ||     2
Armor: Leather armour    |     8 |       |       ||     8
       Chain mail        |    30 |    85 |    40 ||   155
Dodge: Dodged            |    56 |    54 |    54 ||   164
       Rpst.: Long sword |    14 |    18 |    14 ||    46
